 Dungeon Crawl Stone Soup version 0.23-a0-641-g0a7f1ce553 (webtiles) character file.

19 CheiIsBae the Slasher (level 2, -10/22 HPs)
             Began as a Demonspawn Gladiator on Dec 30, 2018.
             Killed by nerve-wracking pain
             ... invoked by Jessica
              (13 damage)
             ... on level 2 of the Dungeon.
             The game lasted 00:00:45 (994 turns).

CheiIsBae the Slasher (Demonspawn Gladiator)         Turns: 994, Time: 00:00:45

Health: -10/22     AC:  4    Str: 14    XL:     2   Next: 55%
Magic:  2/2        EV: 13    Int:  9    God:
Gold:   54         SH:  0    Dex: 14    Spells: 1/1 levels left

rFire    . . .     SeeInvis .   a - +0 long sword
rCold    . . .     Gourm    .   (no shield)
rNeg     . . .     Faith    .   b - +0 leather armour
rPois    .         Spirit   .   c - +0 helmet
rElec    .         Reflect  .   (no cloak)
rCorr    .         Harm     .   (no gloves)
MR       .....                  (no boots)
Stlth    +.........             (no amulet)
HPRegen  0.07/turn              (no ring)
MPRegen  0.08/turn              (no ring)

@: no status effects
A: hooves 1
a: no special abilities


You were on level 2 of the Dungeon.
You were not hungry.

You visited 1 branch of the dungeon, and saw 2 of its levels.

You collected 54 gold pieces.

Inventory:

Hand Weapons
 a - a +0 long sword (weapon)
Armour
 b - a +0 leather armour (worn)
 c - a +0 helmet (worn)
Scrolls
 e - a scroll of enchant armour {unknown}
 g - a scroll of amnesia {unknown}
 i - 2 scrolls of identify {unknown}
 j - a scroll of remove curse {unknown}
Potions
 h - 2 potions of flight {unknown}
Comestibles
 f - 3 rations


   Skills:
 - Level 2.1 Fighting
 * Level 3.2 Long Blades
 - Level 1.8 Throwing
 + Level 3.0 Dodging


You had one spell level left.
You didn't know any spells.
Your spell library was empty.

Dungeon Overview and Level Annotations

Branches:
Dungeon (2/15)

Altars:

Annotations:
D:2 Jessica


Innate Abilities, Weirdness & Mutations

You have large cloven feet.


Message History

You barely resist.
The ball python bites you but does no damage.
The ball python closely misses you.
Jessica drinks a potion.
Jessica suddenly seems more resistant.
Throwing (i - inventory)
d - a throwing net (quivered)
Press: ? - help, Shift-Dir - straight line, f/p - Jessica
Aim: Jessica, wearing a +1 robe of magic resistance (heavily wounded, fast, You throw a throwing net.
The throwing net closely misses Jessica.
The ball python misses you.
You riposte.
You hit the ball python.
You kill the ball python!
Jessica hits you.
* * * LOW HITPOINT WARNING * * *
Unknown command.
You barely miss Jessica. You kick Jessica.
Jessica is severely wounded.
Jessica casts a spell at you. Pain shoots through your body!
Ouch! That really hurt!
You die...

## #(# #.# #.#
## #)# ##.#@#
##.#@# ##.#(##
##.#.## #.#.##
#.#.## #.
.##.#.## ##.
###.###.#.##
..
....####.#.##
#.
#....####.#.##


You could see Jessica.

Vanquished Creatures
  2 dart slugs (D:1)
  2 bats (D:1)
  2 goblins (D:1)
  A hobgoblin (D:2)
  3 jackals (D:1)
  A ball python (D:2)
  A kobold (D:1)
  2 rats (D:1)
14 creatures vanquished.

Notes
Turn   | Place    | Note
-------+----------+-------------------------------------------
     0 | D:1      | CheiIsBae the Demonspawn Gladiator began the quest for the
                  | Orb.
     0 | D:1      | Reached XP level 1. HP: 16/16 MP: 1/1
   256 | D:1      | Gained mutation: You have large cloven feet. [demonic
                  | ancestry]
   256 | D:1      | Reached XP level 2. HP: 22/22 MP: 2/2
   984 | D:2      | Noticed Jessica
   994 | D:2      | Killed from afar by Jessica

Vault maps used:
D:1:      dpeg_arrival_arbitrary_b, minmay_distorted
D:2:      minmay_inner_zag, tso_metal_star, elyvilon_altar_4, minitemple,
          chequers_ecumenical_altar_twisty, grunt_gozag_statues, uniq_sigmund,
          uniq_crazy_yiuf_cottage, uniq_jessica

Skill      XL: |  1  2 |
---------------+-------+-----
Long Blades    | 3 |  3.2
Dodging        | 3 |  3.0
Fighting       | |  2.1
Throwing       | |  1.8

Action                   || total
-------------------------++-------
Melee: Long sword        ||    40
       Kick              ||     7
Throw: Throwing net      ||     3
 Stab: Held in net/web   ||     1
Armor: Leather armour    ||    11
Dodge: Dodged            ||    27
       Rpst.: Long sword ||     8

Table legend:
 A = Non-vault XP
 B = Vault XP
 C = Vault XP percentage of total XP
 D = Non-vault monster count
 E = Vault monster count
 F = Vault count percentage of total count
                 A         B        C        D         E       F
            +---------+---------+-------+---------+---------+-------
      Total |      27 |       1 |   3.6 |      13 |       1 |   7.1
            +---------+---------+-------+---------+---------+-------
        D:1 |      24 |       1 |   4.0 |      11 |       1 |   8.3
        D:2 |       3 |       0 |   0.0 |       2 |       0 |   0.0
            +---------+---------+-------+---------+---------+-------
